 Dungeon Crawl Stone Soup version 0.28.0-43-g3370ac3207 (webtiles) character file.

Game seed: 10579324379025270363

29 joshe the Vexing (level 3, -8/26 HPs)
             Began as a Formicid Arcane Marksman on Mar 2, 2022.
             Killed by nerve-wracking pain
             ... invoked by an orc priest
              (10 damage)
             ... on level 1 of the Dungeon.
             The game lasted 00:09:21 (1252 turns).

joshe the Vexing (Formicid Arcane Marksman)         Turns: 1252, Time: 00:09:22

Health: -8/26      AC:  5    Str: 14    XL:     3   Next: 32%
Magic:  3/4        EV: 12    Int: 12    God:
Gold:   4          SH:  0    Dex: 13    Spells: 3/4 levels left

rFire   . . .      SeeInvis +   a - +0 hunting sling
rCold   . . .      Faith    .   (no shield)
rNeg    . . .      Spirit   .   d - +0 robe
rPois   .          Reflect  .   (helmet unavailable)
rElec   .          Harm     .   g - +0 cloak
rCorr   .          Rampage  .   k - +1 pair of gloves
Will    .....                   (no boots)
Stlth   +.........              (no amulet)
HPRegen 0.08/turn               (no ring)
MPRegen 0.09/turn               (no ring)

@: no status effects
A: permanent stasis, dig shafts and tunnels, antennae 3, four strong arms
a: Dig, Shaft Self


You were on level 1 of the Dungeon.
You visited 1 branch of the dungeon, and saw 2 of its levels.

You collected 4 gold pieces.

Inventory:

Hand Weapons
 a - a +0 hunting sling (weapon)
 j - a +0 dagger
Missiles
 c - 29 sling bullets (quivered ammo)
 e - 39 stones
Armour
 d - a +0 robe (worn)
 g - a +0 cloak (worn)
 k - a +1 pair of gloves (worn)
Jewellery
 i - an amulet of the acrobat
Scrolls
 b - a scroll of silence {unknown}
 h - 3 scrolls of identify {unknown}
Potions
 f - a potion of curing {unknown}
 l - a potion of lignification {unknown}
 m - a potion of mutation {unknown}
 n - 2 potions of resistance {unknown}


   Skills:
 - Level 1.1 Fighting
 + Level 3.3 Slings
 - Level 2.0 Dodging
 - Level 1.1 Spellcasting
 - Level 4.0 Hexes
 - Level 0.4 Evocations


You had 3 spell levels left.
You knew the following spells:

 Your Spells              Type           Power      Damage    Failure   Level
a - Slow                  Hex            40%        N/A       6%          1

Your spell library contained the following spells:

 Spells                   Type           Power      Damage    Failure   Level
 Inner Flame              Hex/Fire       5%         N/A       36%         3
 Portal Projectile        Hex/Tloc       10%        N/A       36%         3
 Cause Fear               Hex            5%         N/A       50%         4


Dungeon Overview and Level Annotations

Branches:
Dungeon (2/15)

Altars:


Innate Abilities, Weirdness & Mutations

You cannot be hasted, slowed, berserked, paralysed or teleported.
You can dig through walls and to a lower floor.
You have a pair of large antennae on your head. (SInv)
Your four strong arms can wield two-handed weapons with a shield.


Message History

You don't know that spell.
Unknown command.
Casting: Slow (safe; 6% risk of failure)
Confirm with . or Enter, or press ? or * to list all spells.
Okay, then.
Fire: 34 sling bullets
Press: ? - help, Q - select action, (/) - cycle Shift-Dir - straight line, f/p - orc priest
Aim: an orc priest, wielding a +0 falchion (lightly wounded, slow, 57% to hit)
You shoot a sling bullet. The sling bullet hits the orc priest.
The orc priest is moderately wounded.
The orc priest is no longer moving slowly.
Fire: 33 sling bullets
Press: ? - help, Q - select action, (/) - cycle Shift-Dir - straight line, f/p - orc priest
Aim: an orc priest, wielding a +0 falchion (moderately wounded, 57% to hit)
You shoot a sling bullet. The sling bullet hits the orc priest.
The orc priest is heavily wounded.
The orc priest jeers repeatedly, in orcish tradition.
The orc priest calls down the wrath of Beogh upon you.
Pain shoots through your body!
* * * LOW HITPOINT WARNING * * *
Fire: 32 sling bullets
Press: ? - help, Q - select action, (/) - cycle Shift-Dir - straight line, f/p - orc priest
Aim: an orc priest, wielding a +0 falchion (heavily wounded, 57% to hit)
You shoot a sling bullet.
The sling bullet closely misses the orc priest.
The orc priest casts a cantrip, but nothing happens.
Fire: 31 sling bullets
Press: ? - help, Q - select action, (/) - cycle Shift-Dir - straight line, f/p - orc priest
Aim: an orc priest, wielding a +0 falchion (heavily wounded, 57% to hit)
You shoot a sling bullet. The sling bullet hits the orc priest.
The orc priest is severely wounded.
The orc priest casts a cantrip, but nothing happens.
Fire: 30 sling bullets
Press: ? - help, Q - select action, (/) - cycle Shift-Dir - straight line, f/p - orc priest
Aim: an orc priest, wielding a +0 falchion (severely wounded, 57% to hit)
You shoot a sling bullet.
The sling bullet closely misses the orc priest.
The orc priest mumbles some strange prayers to Beogh against you.
Pain shoots through your body!
You die...

#.#.#
#####.##
#.#.# #.#.
#.#.# #.#>
#.#.## #...
#.#..# ###.
#.##.# #.
#.##.# ##
#.##.# ##
#@##.###.#
#.##.#.#.#
#o##(#.#.#
#......# #
####.########
#.##.....#
###
#.####.###
#.. #.# #.#
##.. #.# #.#
#...


You could see an orc priest.

Vanquished Creatures
  4 ball pythons (D:1)
  4 endoplasms
  A giant cockroach (D:1)
  2 goblins (D:1)
  3 hobgoblins (D:1)
  2 kobolds
  2 quokkas (D:1)
  4 bats
  3 rats (D:1)
25 creatures vanquished.

Notes
Turn   | Place    | Note
-------+----------+-------------------------------------------
     0 | D:1      | joshe the Formicid Arcane Marksman began the quest for the
                  | Orb.
     0 | D:1      | Reached XP level 1. HP: 15/15 MP: 2/2
   114 | D:1      | Reached skill level 4 in Hexes
   137 | D:1      | Reached XP level 2. HP: 11/21 MP: 1/3
   623 | D:1      | Reached XP level 3. HP: 26/26 MP: 4/4
  1022 | D:1      | Found a faded altar of an unknown god.
  1235 | D:1      | HP: 1/26 [orc priest/nerve-wracking pain (11)]
  1252 | D:1      | Killed from afar by an orc priest

Illustrated notes

Levels and vault maps discovered:
D:1:      lemuel_arrival_cross, layout_loops_ring, serial_aquarium,
          aquarium_bridge_straight [aquarium_subvault_bridge,
          aquarium_subvault_window, aquarium_subvault_bridge,
          aquarium_subvault_wall], aquarium_window_fake, aquarium_window_fake,
          aquarium_view_2f, aquarium_pool_2, chequers_ecumenical_altar_twisty,
          nicolae_figureground_sparkle
D:2:      layout_loops_ring

Skill      XL: |  1  2 |
---------------+-------+-----
Dodging        | 2 |  2.0
Hexes          | 4 |  4.0
Slings         | 3 |  3.3
Fighting       | |  1.1
Spellcasting   | |  1.1
Evocations     | |  0.4

Action                   || total
-------------------------++-------
Melee: Dagger            ||     3
 Fire: Hunting sling     ||    62
 Cast: Slow              ||     6
 Abil: Dig               ||     1
Armor: Robe              ||     5
Dodge: Dodged            ||     8
